cohdb
Replays
Latest Replays
All Replays
Popular Replays
Top Player Replays
Match Explorer
How It Works
Community
CoH3 Stats
Reddit
Sign in to upload your games and track your stats! →
Sign in with Steam
Match 25378397
Unlisted
Match 25378397
Overview
Messages
Build Orders
End
Construct Barracks
Selects Airborne Battlegroup
Selects Heavy Machine Gun Paradrop
Heavy Machine Gun Paradrop
Riflemen Squad
Riflemen Squad
Grenade Package
1⁄4-ton 4x4 Truck
Air Support Center
Selects Paratrooper Squad Paradrop
Paratrooper Squad Paradrop
Grasshopper Recon Run
Selects Anti-tank Gun Team Paradrop
Anti-tank Gun Team Paradrop
Paratrooper Squad Paradrop
P-47 Strafing Run
M1918 Browning Automatic Rifles
Jonatanga
Eber
LuiSBa
Mother Teresa
greentea
archer
0
0
Comments
sign in to comment!
No comments posted yet!